 Dungeon Crawl Stone Soup version 0.30-a0-304-gdc4b735fe1 (webtiles) character file.

Game seed: 12641251134655819988

72 porpoise the Slasher (level 4, 0/35 HPs)
             Began as a Merfolk Gladiator on Oct 21, 2022.
             Succumbed to Crazy Yiuf's poison
             ... on level 2 of the Dungeon.
             The game lasted 00:04:57 (1646 turns).

porpoise the Slasher (Merfolk Gladiator)            Turns: 1646, Time: 00:04:58

Health: 0/35       AC:  6    Str: 18    XL:     4   Next: 26%
Magic:  0/4        EV: 12    Int:  6    God:
Gold:   99         SH:  5    Dex: 16    Spells: 3/3 levels left

rFire   . . .      SeeInvis .    a - +0 long sword
rCold   . . .      Faith    .    (no shield)
rNeg    . . .      Spirit   .    m - +0 ring mail
rPois   .          Reflect  +    c - +0 helmet
rElec   .          Harm     .    (no cloak)
rCorr   .          Rampage  .    (no gloves)
Will    .....                    (no boots)
Stlth   +.........               h - amulet of reflection
HPRegen 0.25/turn                v - ring of flight
MPRegen 0.09/turn                (no ring)

@: lethally poisoned (0 -> -2), flying
A: (nimble swimmer 2), mertail, strong 1, MP-powered wands
a: no special abilities


You were on level 2 of the Dungeon.
You visited 1 branch of the dungeon, and saw 2 of its levels.

You collected 99 gold pieces.

Inventory:

Hand Weapons
 a - a +0 long sword (weapon)
 b - a +0 sling
Missiles
 d - 3 throwing nets (quivered)
 e - a javelin
 g - 6 atropa-tipped darts
 t - 11 poisoned darts
Armour
 c - a +0 helmet (worn)
 m - a +0 ring mail (worn)
Jewellery
 f - a ring of fire
 h - an amulet of reflection (around neck)
 v - a ring of flight (left hand)
Scrolls
 i - a scroll of vulnerability {unknown}
 j - a scroll of poison {unknown}
 n - a scroll of identify {unknown}
 o - a scroll of amnesia {unknown}
 p - 2 scrolls of fear {unknown}
 q - a scroll of teleportation {unknown}
 r - a scroll of enchant armour {unknown}
Potions
 k - a potion of lignification {unknown}
 l - 2 potions of mutation
 u - a potion of might {unknown}


   Skills:
 + Level 3.2 Fighting
 * Level 5.3 Long Blades
 - Level 2.0 Throwing
 - Level 4.0 Dodging


You had 3 spell levels left.
You didn't know any spells.
Your spell library was empty.

Dungeon Overview and Level Annotations

Branches:
Dungeon (2/15)

Altars:

Annotations:
D:2 Crazy Yiuf


Innate Abilities, Weirdness & Mutations

((You are very nimble when in or above water. (Stealth+, EV+, Speed+++)))
Your lower body shifts to a powerful aquatic tail in water.
Your muscles are strong. (Str +4, Int/Dex -1)
You expend magic power (3 MP) to strengthen your wands.


Message History

There is an open door here.
There is a stone staircase leading down here.
Found a hammer.
Found two hammers.
You see here a +0 hammer.
Found seven hammers.
Found a runed translucent door.
You see here a +0 hammer.
Found a hammer.
Crazy Yiuf shouts!
You see here a +0 hammer.
Crazy Yiuf cries, "Spliff water unthinkable!"
You see here a +0 hammer.
Found three hammers.
Crazy Yiuf yells, "Earwax tea shrimp!"
You see here a +0 hammer.
You reach down and open the door.
You hit Crazy Yiuf but do no damage.
Crazy Yiuf hits you with a +2 quarterstaff of chaos!
You are poisoned.
You barely miss Crazy Yiuf.
You feel sick.
Crazy Yiuf cries, "You leg down broken song, no?"
Crazy Yiuf hits you with a +2 quarterstaff of chaos!
You barely miss Crazy Yiuf.
You feel sick.
Crazy Yiuf hits you with a +2 quarterstaff of chaos.
You hit Crazy Yiuf.
Crazy Yiuf is moderately wounded.
You feel sick.
Crazy Yiuf hits you with a +2 quarterstaff of chaos!
* * * LOW HITPOINT WARNING * * *
You feel your power leaking away. Crazy Yiuf closely misses you.
It was a potion of mutation.
You feel extremely strange.
Your bones become slightly less dense.
You feel your magical essence link to the dungeon's wands.
Your skeletal structure returns to normal.
You feel stronger.
* * * LOW HITPOINT WARNING * * *
You feel sick. Crazy Yiuf misses you.
It was a potion of cancellation.
You feel magically purged.
You die...

# # ### ♣♣#### #
#)))#♣♣ ♣♣.#..#######
#.))g@♣♣♣♣P...........
#)))#♣))♣).......<...(
### ♣♣♣)♣)P#.........
##########
♣♣♣♣♣##########
.........# #
#####.######## ### #
#.###.#..# #.# #
####.##.....# #.# #
#...........# #.# #


You could see Crazy Yiuf.

Vanquished Creatures
  2 adders (D:2)
  A worm (D:2)
  A ball python (D:2)
  4 endoplasms (D:1)
  5 giant cockroaches
  4 goblins
  4 hobgoblins
  6 jackals (D:1)
  2 kobolds (D:2)
  3 quokkas
  3 bats (D:1)
  4 frilled lizards
  7 rats
46 creatures vanquished.

Notes
Turn   | Place    | Note
-------+----------+-------------------------------------------
     0 | D:1      | porpoise the Merfolk Gladiator began the quest for the Orb.
     0 | D:1      | Reached XP level 1. HP: 16/16 MP: 1/1
   110 | D:1      | Reached skill level 4 in Long Blades
   200 | D:1      | Reached XP level 2. HP: 23/23 MP: 2/2
   356 | D:1      | Reached XP level 3. HP: 28/28 MP: 3/3
  1006 | D:2      | Reached skill level 5 in Long Blades
  1181 | D:2      | Reached XP level 4. HP: 33/35 MP: 4/4
  1636 | D:2      | Found a runed translucent door.
  1637 | D:2      | Noticed Crazy Yiuf
  1645 | D:2      | Gained mutation: You have a somewhat thin skeletal
                  | structure. (Dex +2, Stealth+) [potion of mutation]
  1645 | D:2      | Gained mutation: You expend magic power (3 MP) to
                  | strengthen your wands. [potion of mutation]
  1645 | D:2      | Lost mutation: You have a somewhat thin skeletal structure.
                  | (Dex +2, Stealth+) [potion of mutation]
  1645 | D:2      | Gained mutation: Your muscles are strong. (Str +4, Int/Dex
                  | -1) [potion of mutation]
  1645 | D:2      | HP: 1/35 [poisoned by Crazy Yiuf]
  1646 | D:2      | Succumbed to Crazy Yiuf's poison

Illustrated notes

Levels and vault maps discovered:
D:1:      lemuel_arrival_lava_pool, layout_loops_ring, minmay_liquid_box
D:2:      wad_pebble_path, layout_loops_ring, minmay_strange_pillars,
          uniq_crazy_yiuf_cottage

Skill      XL: |  1  2  3 |
---------------+----------+-----
Long Blades    | 4 5 |  5.3
Fighting       | 3 |  3.2
Throwing       | |  2.0
Dodging        | |  4.0

Action                   |  1- 3 |  4- 6 || total
-------------------------+-------+-------++-------
Melee: Long sword        |    96 |    40 ||   136
       Punch             |     1 |       ||     1
  Use: Potion            |       |     2 ||     2
 Stab: Sleeping          |     1 |       ||     1
Armor: Leather armour    |    13 |       ||    13
       Ring mail         |    14 |     9 ||    23
Dodge: Dodged            |    59 |    18 ||    77
Block: Other             |    15 |     4 ||    19

Table legend: (Time is in decaauts)
 A = Elapsed time spent in this place.
 B = Non-inter-level travel time spent in this place.
 C = Inter-level travel time spent in this place.
 D = Time resting spent in this place.
 E = Time spent auto-exploring this place.
 F = Levels seen in this place.
 G = Mean time per level.
                   A        B        C        D        E       F      G
               +--------+--------+--------+--------+--------+-----+--------+
         Total |   1665 |   1654 |     11 |    138 |   1086 |   2 |  832.5 |
       Dungeon |   1665 |   1654 |     11 |    138 |   1086 |   2 |  832.5 |
               +--------+--------+--------+--------+--------+-----+--------+

Top non-repeatable levels by time:
     D:1: 836 daAuts
     D:2: 828 daAuts
